 Dungeon Crawl Stone Soup version 0.28.0-43-g3370ac3207 (webtiles) character file.

Game seed: 13055771732080261440

157 experimilk the Shooter (level 5, -10/42 HPs)
             Began as a Minotaur Hunter on Mar 13, 2022.
             Mangled by an ogre
             ... wielding a +0 giant club
              (14 damage)
             ... on level 4 of the Dungeon.
             The game lasted 00:09:55 (3143 turns).

experimilk the Shooter (Minotaur Hunter)            Turns: 3143, Time: 00:09:55

Health: -10/42     AC:  7    Str: 21    XL:     5   Next: 15%
Magic:  4/4        EV: 12    Int:  8    God:
Gold:   52         SH:  0    Dex: 10    Spells: 4/4 levels left

rFire   . . .      SeeInvis .   b - +1 short sword (drain)
rCold   . . .      Faith    .   (no shield)
rNeg    . . .      Spirit   .   i - +3 leather armour of the Dropbear {Str+2}
rPois   .          Reflect  .   l - +1 hat
rElec   .          Harm     .   (no cloak)
rCorr   .          Rampage  .   (no gloves)
Will    .....                   (no boots)
Stlth   +.........              (no amulet)
HPRegen 0.14/turn               (no ring)
MPRegen 0.09/turn               (no ring)

@: mighty, brilliant, flying
A: horns 2, retaliatory headbutt
a: no special abilities


You were on level 4 of the Dungeon.
You visited 1 branch of the dungeon, and saw 4 of its levels.

You collected 85 gold pieces.
You spent 33 gold pieces at shops.

Inventory:

Hand Weapons
 a - a +1 shortbow
 b - a +1 short sword of draining (weapon)
 f - a +0 short sword
Missiles
 d - 16 arrows
Armour
 c - a +0 leather armour
 i - the +3 leather armour of the Dropbear (worn) {Str+2}
   (You found it on level 2 of the Dungeon)

   Str:       It affects your strength (+2).
 l - a +1 hat (worn)
Scrolls
 j - 3 scrolls of teleportation
 k - a scroll of noise {unknown}
 n - a scroll of enchant weapon {unknown}
Potions
 e - 2 potions of might
 g - a potion of flight
 h - a potion of brilliance
 m - a potion of attraction {unknown}


   Skills:
 + Level 2.5 Fighting
 * Level 7.0 Bows
 + Level 0.4 Armour
 + Level 2.3 Dodging
 - Level 0.7 Stealth


You had 4 spell levels left.
You didn't know any spells.
Your spell library contained the following spells:

 Spells                   Type           Power      Damage    Failure   Level
 Slow                     Hex            0%         N/A       45%         1
 Tukima's Dance           Hex            0%         N/A       83%         3
 Fulminant Prism          Conj/Hex       0%         3d6       99%         4
 Blade Hands              Tmut           0%         N/A       100%        5
 Irradiate                Conj/Tmut      0%         3d14      100%        5
 Dragon Form              Tmut           0%         N/A       100%        7


Dungeon Overview and Level Annotations

Branches:
Dungeon (4/15)
 Temple: D:4-7

Altars:

Shops:
D:3 ?!(*


Innate Abilities, Weirdness & Mutations

You have a pair of horns on your head.
You reflexively headbutt those who attack you in melee.


Message History

You climb downwards.
You hear the hiss of flowing sand.
There is an entrance to an ossuary on this level.
Hurry and find it before the portal is buried!
You hear the slow hiss of a very distant avalanche of sand.
Found 29 bolts.
Found a stone staircase leading down.
There is a stone staircase leading up here.
You climb upwards.
There is a stone staircase leading down here.
There is a stone staircase leading down here.
You climb downwards.
You hear the hiss of flowing sand.
There is an entrance to an ossuary on this level.
Hurry and find it before the portal is buried!
The ogre shouts!
The ball python hisses angrily.
There is a stone staircase leading up here.
The ogre hits you with a +0 giant club!!
Ouch! That really hurt!
The ball python closely misses you. The ball python grabs you.
You stop ascending the stairs.
The ball python constricts you.
Unknown command.
You escape the ball python's grasp.
The ogre hits you with a +0 giant club!
* * * LOW HITPOINT WARNING * * *
The ball python bites you but does no damage.
The ball python grabs you.
You stop ascending the stairs.
The ball python constricts you.
It was a potion of might.
You feel very mighty all of a sudden.
The ball python bites you but does no damage.
The ball python constricts you.
You escape the ball python's grasp.
It was a potion of flight.
You feel very buoyant.
You fly up into the air.
The ogre barely misses you. The ball python barely misses you. x2
It was a potion of brilliance.
You feel clever all of a sudden. The ball python closely misses you.
You furiously retaliate!
You headbutt the ball python!
You kill the ball python!
The ogre hits you with a +0 giant club!
You die...

.# #....##.# .# # #....#..##.
#.# #.##...Z.....
##..###.#..........#
........###..#.....##
.>......##..........## #
..............<..)...## .#
.<......##......O.....#####.#
.W(.B...........@......#....
........#...........#.......#
........##...............#.#
##..###.##..........>.....S###
..# ##....[.....#.<....... ...
.................####. ###.
......#.#.....>...#
..####.#..........#
.?..........#


You could see an ogre and an adder skeleton.

Vanquished Creatures
  Natasha (thrice) (D:2)
  Robin (D:2)
  A worm (D:3)
  3 dart slugs
  2 endoplasms (D:1)
  3 giant cockroaches
  7 hobgoblins
  6 jackals
  3 quokkas
  4 ball pythons
  7 bats
  A frilled lizard (D:1)
  12 goblins
  4 kobolds
  4 rats
61 creatures vanquished.

Notes
Turn   | Place    | Note
-------+----------+-------------------------------------------
     0 | D:1      | experimilk the Minotaur Hunter began the quest for the Orb.
     0 | D:1      | Reached XP level 1. HP: 18/18 MP: 0/0
   282 | D:1      | Reached XP level 2. HP: 23/25 MP: 1/1
   321 | D:1      | Reached skill level 5 in Bows
   611 | D:1      | Got Sif Muna's Catalogue of Beguiling
   944 | D:2      | Reached XP level 3. HP: 29/30 MP: 2/2
  1028 | D:2      | Noticed Robin
  1065 | D:2      | Killed Robin
  1066 | D:2      | Reached skill level 6 in Bows
  1148 | D:2      | Noticed Natasha
  1158 | D:2      | Killed Natasha
  1159 | D:2      | Reached XP level 4. HP: 20/37 MP: 3/3
  1223 | D:2      | Noticed Natasha
  1233 | D:2      | Killed Natasha
  1445 | D:2      | Found a faded altar of an unknown god.
  1476 | D:2      | Identified the +3 leather armour of the Dropbear {Str+2}
  1631 | D:2      | Noticed Natasha
  1640 | D:2      | Killed Natasha
  1641 | D:2      | Reached skill level 7 in Bows
  1641 | D:2      | Reached XP level 5. HP: 10/42 MP: 4/4
  2092 | D:3      | Found Culota's Magic Scroll Shop.
  2108 | D:3      | Bought a scroll of teleportation for 33 gold pieces
  2160 | D:3      | Found Ogerilal's Distillery.
  2208 | D:3      | Found Biqas's Antique Weapon Shop.
  2695 | D:3      | Found Edig's Assorted Antiques.
  3055 | D:4      | Noticed an ogre
  3112 | D:4      | Noticed a phantom
  3143 | D:4      | Mangled by an ogre

Illustrated notes

Levels and vault maps discovered:
D:1:      psy_arrival_basics, layout_loops_ring, minivault_19,
          chequers_hall_statues_y, chequers_serial_rivers_micro_b
D:2:      layout_rooms, ebering_ecumenical_altar_rust, hex_medium, uniq_natasha,
          uniq_robin
D:3:      layout_loops_corners, serial_shops, nicolae_square_shop,
          nicolae_square_shop, nicolae_shop_temple_entry_statues_fountains,
          nicolae_shop_overgrown_old_shop, columned_hall_lemuel
D:4:      layout_rooms, nicolae_ossuary_entry_monument

Skill      XL: |  1  2  3  4 |
---------------+-------------+-----
Bows           | 5 6 7 |  7.0
Fighting       | |  2.5
Armour         | |  0.4
Dodging        | |  2.3
Stealth        | |  0.7

Action                   |  1- 3 |  4- 6 || total
-------------------------+-------+-------++-------
Melee: Short sword       |    40 |    41 ||    81
       Headbutt          |     6 |     4 ||    10
       Punch             |     1 |       ||     1
 Fire: Shortbow          |    46 |     7 ||    53
  Use: Potion            |     4 |     3 ||     7
 Stab: Sleeping          |       |     2 ||     2
Armor: Leather armour    |    20 |    16 ||    36
Dodge: Dodged            |    58 |    36 ||    94
